 Dungeon Crawl Stone Soup version 0.27-a0-1191-g601b473118 (webtiles) character file.

Game seed: 816570855142921473

756 freelancePsychic the Changer (level 7, -5/52 HPs)
             Began as a Merfolk Transmuter on May 23, 2021.
             Was an Initiate of Gozag.
             Slain by a wolf (10 damage)
             ... on level 4 of the Dungeon.
             The game lasted 00:09:48 (5632 turns).

freelancePsychic the Changer (Merfolk Transmuter)   Turns: 5632, Time: 00:09:49

Health: -5/52      AC:  2    Str: 11    XL:     7   Next: 79%
Magic:  7/10       EV: 22    Int: 14    God:    Gozag
Gold:   225        SH:  0    Dex: 19    Spells: 6/10 levels left

rFire    . . .     SeeInvis .     - Unarmed
rCold    . . .     Faith    .   (shield currently unavailable)
rNeg     . . .     Spirit   .   (armour currently unavailable)
rPois    x         Reflect  .   (helmet currently unavailable)
rElec    .         Harm     .   (cloak currently unavailable)
rCorr    .         Rampage  .   (gloves currently unavailable)
Will     .....                  (boots currently unavailable)
Stlth    ++........             (no amulet)
HPRegen  0.17/turn              (no ring)
MPRegen  0.12/turn              (no ring)

@: spider-form
A: venomous fangs, tiny, (nimble swimmer 2), (mertail)
a: End Transformation, Renounce Religion, Potion Petition, Call Merchant, Bribe
Branch


You were on level 4 of the Dungeon.
You worshipped Gozag.
Gozag was aware of your devotion.
You were a venomous arachnid creature.
You visited 2 branches of the dungeon, and saw 6 of its levels.

You collected 293 gold pieces.
You paid 68 gold pieces to Gozag.

Inventory:

Armour
 a - a +0 robe (melded)
 d - a +0 cloak (melded)
Jewellery
 g - a +6 ring of intelligence
Scrolls
 e - a scroll of magic mapping {unknown}
 h - a scroll of amnesia {unknown}
 i - 2 scrolls of identify {unknown}
 j - a scroll of summoning {unknown}
 k - a scroll of enchant weapon {unknown}
 l - 2 scrolls of silence {unknown}
 m - a scroll of vulnerability {unknown}
 o - a scroll of fear {unknown}
 p - a scroll of teleportation {unknown}
 r - a scroll of noise {unknown}
 s - a scroll of blinking {unknown}
Potions
 b - 2 potions of degeneration {unknown}
 c - a potion of might {unknown}
 f - 3 potions of haste {unknown}
 n - 2 potions of curing {unknown}
 q - a potion of cancellation {unknown}


   Skills:
 + Level 3.5 Fighting
 + Level 5.0 Dodging
 * Level 6.1 Unarmed Combat
 - Level 2.0 Spellcasting
 - Level 6.1 Transmutations
 - Level 2.8 Poison Magic


You had 6 spell levels left.
You knew the following spells:

 Your Spells              Type           Power      Damage    Failure   Level
a - Beastly Appendage     Tmut           36%        N/A       8%          1
b - Spider Form           Tmut/Pois      6%         N/A       28%         3

Your spell library contained the following spells:

 Spells                   Type           Power      Damage    Failure   Level
 Wereblood                Tmut           18%        N/A       11%         2
 Foxfire                  Conj/Fire      4%         2x1d4     45%         1
 Mephitic Cloud           Conj/Pois/Air  4%         N/A       65%         3
 Hydra Form               Tmut           9%         N/A       69%         5
 Ice Form                 Ice/Tmut       9%         N/A       77%         4
 Bolt of Magma            Conj/Fire/Erth 0%         4d4       100%        5
 Iron Shot                Conj/Erth      0%         9d1       100%        6


Dungeon Overview and Level Annotations

Branches:
Dungeon (5/15)             Temple (1/1) D:4

Altars:
Ashenzari
Cheibriados
Dithmenos
Elyvilon
Fedhas
Gozag
Hepliaklqana
Kikubaaqudgha
Nemelex Xobeh
Okawaru
Qazlal
Ru
Sif Muna
Trog
Uskayaw
Vehumet
Wu Jian
Xom
Yredelemnul
Zin
The Shining One


Innate Abilities, Weirdness & Mutations

You are a venomous arachnid creature.
You have poisonous fangs.
You are tiny and dextrous.
Your spellcasting is less reliable in this form.
Your armour is entirely melded.
You are incapable of wielding weapons or throwing items.
((You are quick and stealthy near water. (Stealth+, EV+, Speed+++)))
((Your lower body shifts to a powerful aquatic tail in water.))


Message History

You are too injured to fight recklessly!
You are too injured to fight recklessly!
You barely miss the gnoll sergeant.
The gnoll shouts!
You hear a howl!
You hit the gnoll sergeant but do no damage.
The gnoll sergeant is poisoned.
The gnoll sergeant hits you with a +0 spear.
The gnoll shouts!
You hit the gnoll sergeant but do no damage.
The gnoll sergeant looks as sick as possible!
The gnoll sergeant hits you with a +0 spear!
* * * LOW HITPOINT WARNING * * *
The gnoll sergeant completely misses you.
Things that are here:
7 gold pieces; a +0 club Your transformation is almost over.
Your transformation has ended.
Your +0 cloak unmelds from your body.
Your +0 robe unmelds from your body.
The wolf closely misses you. The wolf bites you.
* * * LOW HITPOINT WARNING * * *
The wolf bites you but does no damage. The wolf bites you.
* * * LOW HITPOINT WARNING * * *
There is a stone staircase leading up here.
The wolf bites you.
* * * LOW HITPOINT WARNING * * *
The wolf barely misses you.
You climb upwards.
There is a stone staircase leading down here.
Casting: Spider Form (dangerous; 12% risk of failure)
Confirm with . or Enter, or press ? or * to list all spells.
You turn into a venomous arachnid creature.
Your +0 cloak melds into your body.
Your +0 robe melds into your body.
The wolf completely misses you. The wolf misses you.
You hit the wolf.
The wolf is lightly wounded.
The wolf bites you!
You die...
Your body crumbles into a pile of gold.

#.##.#.########.##..###
##.##.#.########....)...
#..##...##......####.###
#.#####.##.####......... #.#
#.##.# ####.#.### #.# #.##.#
#.#.# # #.# #.##.# #.#.# #
#.#####.##.# #.#.# #
#.##..hs##.# ##.#.# #
#[##.##....######....# # ###
### #####.##.####.........# #
#8###⌠###8##..........####....#
# ..............##.####.#
##.#.###
.............<##......# #.#<...
.)............##.####.# #....##
#8###⌠###8##.###)# #.# ####..#
### ### ###..# #.# #.# #.....#


You could see a wolf.

Vanquished Creatures
  A black bear (D:4)
  A necrophage (D:4)
  A centaur (D:5)
  2 scorpions
  A water moccasin zombie (D:5)
  A water moccasin skeleton (D:4)
  A hound (D:5)
  2 orc priests (D:4)
  2 orc wizards (D:4)
  A hound skeleton (D:4)
  4 adders
  2 gnolls
  An ufetubus (D:4)
  2 worms
  2 orcs
  6 bats
  9 endoplasms
  3 giant cockroaches
  8 goblins
  5 hobgoblins
  9 jackals
  2 quokkas (D:3)
  4 ball pythons
  A frilled lizard (D:2)
  9 kobolds
  8 rats
88 creatures vanquished.

Notes
Turn   | Place    | Note
-------+----------+-------------------------------------------
     0 | D:1      | freelancePsychic the Merfolk Transmuter began the quest for
                  | the Orb.
     0 | D:1      | Reached XP level 1. HP: 15/15 MP: 3/3
    69 | D:1      | Reached XP level 2. HP: 21/21 MP: 5/5
   556 | D:1      | Reached XP level 3. HP: 27/27 MP: 6/6
   583 | D:1      | Learned a level 3 spell: Spider Form
   746 | D:1      | Found a faded altar of an unknown god.
  1050 | D:2      | Reached skill level 1 in Poison Magic
  1282 | D:2      | Reached XP level 4. HP: 10/33 MP: 7/7
  2458 | D:3      | Identified Sif Muna's Grimoire of Conjuration
  3086 | D:4      | Reached XP level 5. HP: 37/38 MP: 4/8
  3124 | D:4      | Noticed a black bear
  3133 | D:4      | Killed a black bear
  3134 | D:4      | Reached XP level 6. HP: 34/44 MP: 5/9
  4045 | D:4      | Found a staircase to the Ecumenical Temple.
  4267 | Temple   | Entered the Ecumenical Temple
  4585 | Temple   | Became a worshipper of Gozag Ym Sagoz the Greedy
  4945 | D:5      | Entered Level 5 of the Dungeon
  4946 | D:5      | Noticed a necrophage
  4965 | D:4      | Killed a necrophage
  4966 | D:4      | Reached skill level 5 in Unarmed Combat
  4966 | D:4      | Reached XP level 7. HP: 34/51 MP: 7/10
  5586 | D:5      | Reached skill level 5 in Dodging
  5632 | D:4      | Slain by a wolf

Illustrated notes

Levels and vault maps discovered:
D:1:      wander_arrival_peaceful_grave, layout_rooms,
          hellmonk_ecumenical_altar_leap_of_faith
D:2:      layout_basic
D:3:      layout_loops_ring, grunt_ministairs_15
D:4:      layout_loops_ring, temple_doors_e, corexii_hall_statues_i,
          kennysheep_minor_cross
D:5:      layout_cave_pools, serial_gnoll_camp, gnoll_camp_huts_moat,
          gnoll_camp_mini_hut, gnoll_camp_mini_doghouse, gnoll_camp_mini_hut,
          grums_kennel, gnoll_camp_mini_hut
Temple:   regret_index_temple_sigil_plot

Skill      XL: |  1  2  3  4  5  6  7 |
---------------+----------------------+-----
Dodging        | 3 4 5 |  5.0
Unarmed Combat | 4 5 6 |  6.1
Transmutations | 3 4 6 |  6.1
Poison Magic   | 1 2 |  2.8
Fighting       | 2 3 |  3.5
Spellcasting   | |  2.0

Action                   |  1- 3 |  4- 6 |  7- 9 || total
-------------------------+-------+-------+-------++-------
Melee: Unarmed           |   181 |   156 |    32 ||   369
       Punch             |     3 |       |       ||     3
       Headbutt          |     3 |       |       ||     3
 Cast: Beastly Appendage |     2 |     2 |       ||     4
       Spider Form       |       |    14 |     8 ||    22
 Stab: Sleeping          |       |     3 |       ||     3
       Distracted        |       |     1 |       ||     1
Armor: Robe              |    36 |    21 |     3 ||    60
       Skin              |       |     4 |       ||     4
Dodge: Dodged            |   123 |   117 |    37 ||   277

Table legend: (Time is in decaauts)
 A = Elapsed time spent in this place.
 B = Non-inter-level travel time spent in this place.
 C = Inter-level travel time spent in this place.
 D = Time resting spent in this place.
 E = Time spent auto-exploring this place.
 F = Levels seen in this place.
 G = Mean time per level.
                   A        B        C        D        E       F      G
               +--------+--------+--------+--------+--------+-----+--------+
         Total |   5606 |   5434 |    172 |   1159 |   3417 |   6 |  934.3 |
       Dungeon |   5025 |   4874 |    151 |    910 |   3153 |   5 | 1005.0 |
        Temple |    581 |    560 |     21 |    249 |    264 |   1 |  581.0 |
               +--------+--------+--------+--------+--------+-----+--------+

Top non-repeatable levels by time:
     D:4: 1528 daAuts
     D:3: 1373 daAuts
     D:2: 983 daAuts
     D:1: 919 daAuts
  Temple: 581 daAuts
     D:5: 220 daAuts
